 Dungeon Crawl Stone Soup version 0.30-a0-222-ge547ba4400 (webtiles) character file.

Game seed: 4712713895097647311

16975 Ijustatesigmund the Fighter (level 12, -11/81 HPs)
             Began as a Gargoyle Fighter on Oct 8, 2022.
             Was an Elder of Cheibriados.
             Mangled by a large slime creature (29 damage)
             ... on level 12 of the Dungeon.
             The game lasted 00:21:21 (11953 turns).

Ijustatesigmund the Fighter (Gargoyle Fighter)     Turns: 11953, Time: 00:21:21

Health: -11/81     AC: 18    Str: 31    XL:     12   Next: 43%
Magic:  14/19      EV: 13    Int: 23    God:    Cheibriados [****..]
Gold:   759        SH:  6    Dex: 19    Spells: 10/11 levels left

rFire   . . .      SeeInvis .    a - +9 flail (freeze)
rCold   . . .      Faith    .    c - +0 buckler
rNeg    + . .      Spirit   .    b - +4 troll leather armour
rPois   ∞          Reflect  .    (no helmet)
rElec   +          Harm     .    (no cloak)
rCorr   .          Rampage  .    (no gloves)
Will    .....                    (no boots)
Stlth   +.........               e - amulet of the acrobat
HPRegen 1.13/turn                (no ring)
MPRegen 0.16/turn                (no ring)

@: very slow
A: sickness immunity, AC +8, negative energy resistance 1, electricity
resistance, torment resistance 1, petrification resistance
a: Renounce Religion, Bend Time, Temporal Distortion, Slouch


You were on level 12 of the Dungeon.
You worshipped Cheibriados.
Cheibriados was greatly pleased with you.
You visited 2 branches of the dungeon, and saw 13 of its levels.
You also visited: Bailey.

You collected 805 gold pieces.
You spent 46 gold pieces at shops.

Inventory:

Hand Weapons
 a - a +9 flail of freezing (weapon)
Missiles
 i - 2 throwing nets (quivered)
Armour
 b - a +4 troll leather armour (worn)
 c - a +0 buckler (worn)
Jewellery
 e - an amulet of the acrobat (around neck)
 p - a ring of flight
 A - an amulet of regeneration
Wands
 q - a wand of quicksilver (5)
 x - a wand of digging (7)
 C - a wand of iceblast (9)
 D - a wand of flame (10)
 K - a wand of polymorph (7)
Scrolls
 f - 3 scrolls of magic mapping
 h - 2 scrolls of immolation
 j - a scroll of vulnerability
 l - 2 scrolls of fog
 o - 2 scrolls of teleportation
 s - 4 scrolls of summoning
 u - a scroll of amnesia
 w - 4 scrolls of blinking
 y - 2 scrolls of enchant weapon
 z - a scroll of fear
Potions
 d - 6 potions of curing
 g - 2 potions of resistance
 k - 2 potions of heal wounds
 m - a potion of flight
 n - 2 potions of ambrosia
 r - a potion of cancellation {unknown}
 t - 2 potions of mutation
 v - 2 potions of lignification
 B - a potion of attraction
 E - a potion of berserk rage
 F - 3 potions of might
 H - a potion of magic
 J - 2 potions of brilliance {unknown}


   Skills:
 + Level 12.0 Fighting
 + Level 10.8 Maces & Flails
 - Level 7.9 Armour
 - Level 3.3 Dodging
 - Level 5.8 Shields
 + Level 3.7 Conjurations
 + Level 9.4 Invocations
 + Level 4.1 Evocations


You had 10 spell levels left.
You knew the following spells:

 Your Spells              Type           Power      Damage    Failure   Level
a - Magic Dart            Conj           68%        1d6       4%          1

Your spell library contained the following spells:

 Spells                   Type           Power      Damage    Failure   Level
 Shock                    Conj/Air       32%        1d5       11%         1
 Sting                    Tmut/Pois      0%         1d3       22%         1
 Call Imp                 Summ           0%         N/A       32%         2
 Poisonous Vapours        Pois/Air       0%         N/A       32%         2
 Mephitic Cloud           Conj/Pois/Air  5%         N/A       38%         3
 Swiftness                Air            0%         N/A       54%         3
 Airstrike                Air            0%         2d(0-16)  91%         4
 Cause Fear               Hex            0%         N/A       91%         4
 Olgreb's Toxic Radiance  Pois           0%         N/A       91%         4
 Dragon Form              Tmut           0%         N/A       100%        7
 Dragon's Call            Summ           0%         N/A       100%        9


Dungeon Overview and Level Annotations

Branches:
Dungeon (12/15)            Temple (1/1) D:5            Lair (0/5) D:11
    Orc (0/2) D:11         Bailey (visited)

Altars:
Ashenzari
Cheibriados
Dithmenos
Elyvilon
Fedhas
Gozag
Hepliaklqana
Kikubaaqudgha
Makhleb
Nemelex Xobeh
Okawaru
Qazlal
Ru
Sif Muna
Trog
Uskayaw
Vehumet
Wu Jian
Xom
Yredelemnul
Zin
The Shining One

Shops:
D:3 :   D:8 (   D:11 **

Annotations:
D:8 1 runed translucent door, Stonecrops's ghost, novice DsGl


Innate Abilities, Weirdness & Mutations

You are immune to sickness and miasma.
Your stone body is resilient. (AC +8)
You are immune to poison.
You resist negative energy. (rN+)
You are resistant to electric shocks. (rElec)
You are resistant to unholy torment.
You are immune to petrification.


Message History

The large slime creature is severely wounded.
The large slime creature hits you!!
The large slime creature barely misses you.
You thump the large slime creature! You freeze the large slime creature!
The large slime creature is severely wounded.
The large slime creature hits you!!
The large slime creature closely misses you.
You are too injured to fight recklessly!
You are too injured to fight recklessly!
You are too injured to fight recklessly!
You are too injured to fight recklessly!
You are too injured to fight recklessly!
You are too injured to fight recklessly!
You are too injured to fight recklessly!
You are too injured to fight recklessly!
You are too injured to fight recklessly!
You are too injured to fight recklessly!
You are too injured to fight recklessly!
You are too injured to fight recklessly!
You are too injured to fight recklessly!
You are too injured to fight recklessly!
You are too injured to fight recklessly!
You are too injured to fight recklessly!
You are too injured to fight recklessly!
You are too injured to fight recklessly!
You are too injured to fight recklessly!
You are too injured to fight recklessly!
Activating: Slouch (3% risk of failure)
Press: ? - help, Dir - look around, f - activate You can feel time thicken for a moment.
You can no longer step out of the flow of time.
Cheibriados lowers the support of your attributes as your movement quickens.
The large slime creature hits you!
* * * LOW HITPOINT WARNING * * *
The large slime creature hits you but does no damage.
You sock the large slime creature! You freeze the large slime creature.
You kill the large slime creature!
Cheibriados appreciates the change of pace.
The large slime creature hits you!!
You die... ..#.####### ......J@..# ....#####.# . #

You could see a large slime creature.

Vanquished Creatures
  2 two-headed ogres
  A boulder beetle (D:11)
  A cyclops (D:8)
  A manticore (D:11)
  A slime creature (D:12)
  A gargoyle (D:10)
  A komodo dragon (D:11)
  4 unseen horrors
  A kobold demonologist (D:10)
  3 hornets
  6 trolls
  Prince Ribbit (D:7)
  Sigmund (D:3)
  A yak (D:11)
  5 wyverns
  3 basilisks (D:11)
  An acid dragon (D:10)
  A water moccasin (D:6)
  A sky beast (D:6)
  2 black bears (D:6)
  9 orc warriors
  An ice beast (D:6)
  An ogre (D:4)
  4 centaurs
  A phantom (D:5)
  Blork the orc (D:4)
  3 kobold brigands
  8 scorpions
  2 bullfrogs
  9 wights
  5 killer bees (D:5)
  5 howler monkeys
  5 hounds
  A jelly (D:6)
  6 orc priests
  4 iguanas
  2 orc wizards
  Terence (D:3)
  3 gnolls
  7 adders
  A shadow imp (D:8)
  A white imp (D:5)
  A worm (D:5)
  2 dart slugs (D:1)
  32 orcs
  14 bats
  5 endoplasms
  2 giant cockroaches
  10 goblins
  9 hobgoblins
  7 jackals
  9 quokkas
  2 ball pythons
  2 frilled lizards
  10 kobolds
  4 rats
227 creatures vanquished.

Vanquished Creatures (others)
  A plant (D:5)
1 creature vanquished.

Grand Total: 228 creatures vanquished

Notes
Turn   | Place    | Note
-------+----------+-------------------------------------------
     0 | D:1      | Ijustatesigmund the Gargoyle Fighter began the quest for
                  | the Orb.
     0 | D:1      | Reached XP level 1. HP: 14/14 MP: 1/1
   193 | D:1      | Reached XP level 2. HP: 19/19 MP: 2/2
   704 | D:1      | Reached XP level 3. HP: 23/24 MP: 3/3
   727 | D:1      | Reached skill level 4 in Fighting
  1051 | D:2      | Reached XP level 4. HP: 22/30 MP: 4/4
  1207 | D:2      | Identified the +6 short sword of Resourcefulness {vorpal,
                  | rElec}
  1258 | D:2      | Noticed a floating eye
  1263 | D:2      | Found a faded altar of an unknown god.
  1265 | D:2      | Noticed an eye of devastation
  1270 | D:2      | Noticed a golden eye
  1273 | D:2      | Noticed a great orb of eyes
  1674 | D:3      | Found a broken altar of Ashenzari.
  1788 | D:3      | Found an opulent altar of Gozag.
  1847 | D:3      | Noticed Terence
  1866 | D:3      | Killed Terence
  1867 | D:3      | Reached XP level 5. HP: 24/34 MP: 5/5
  1922 | D:3      | Noticed Sigmund
  1944 | D:3      | Killed Sigmund
  1945 | D:3      | Reached skill level 5 in Fighting
  1945 | D:3      | Reached XP level 6. HP: 33/41 MP: 6/6
  2052 | D:3      | Found Waclalos's Book Shop.
  2598 | D:4      | Reached skill level 6 in Fighting
  2609 | D:4      | Reached skill level 5 in Maces & Flails
  2858 | D:4      | Found a hazy altar of Hepliaklqana.
  2861 | D:4      | Found a white marble altar of Elyvilon.
  2861 | D:4      | Found a glowing golden altar of the Shining One.
  2968 | D:4      | Reached XP level 7. HP: 46/46 MP: 7/7
  2974 | D:4      | Noticed Blork the orc
  2999 | D:4      | Killed Blork the orc
  3333 | D:5      | Entered Level 5 of the Dungeon
  3344 | D:5      | Noticed a wyvern
  3355 | D:5      | Killed a wyvern
  3717 | D:5      | Reached XP level 8. HP: 46/52 MP: 8/8
  3719 | D:5      | Reached skill level 7 in Fighting
  4226 | D:5      | Found a shadowy altar of Dithmenos.
  4345 | D:5      | Found a staircase to the Ecumenical Temple.
  4353 | Temple   | Entered the Ecumenical Temple
  4358 | Temple   | Became a worshipper of Cheibriados the Contemplative
  4635 | D:5      | Reached skill level 5 in Shields
  4635 | D:5      | Reached skill level 1 in Invocations
  4637 | D:5      | Found the +7 Singing Sword {vorpal, sonic wave}
  4809 | D:5      | Found a sacrificial altar of Ru.
  5141 | D:6      | Reached XP level 9. HP: 48/59 MP: 10/10
  5312 | D:6      | Reached skill level 8 in Fighting
  5384 | D:6      | Reached * piety under Cheibriados
  5407 | D:6      | Reached skill level 5 in Armour
  5641 | D:6      | Reached skill level 1 in Dodging
  6189 | D:7      | Noticed Prince Ribbit
  6202 | D:7      | Killed Prince Ribbit
  6644 | D:7      | Reached ** piety under Cheibriados
  7044 | D:8      | Noticed a cyclops
  7059 | D:8      | Killed a cyclops
  7060 | D:8      | Reached skill level 9 in Fighting
  7060 | D:8      | Reached skill level 5 in Invocations
  7060 | D:8      | Reached XP level 10. HP: 24/66 MP: 13/13
  8217 | D:8      | Found Alisih's Weapon Shoppe.
  8379 | D:8      | Found a runed translucent door.
  8379 | D:8      | Found a shimmering altar of Xom.
  8379 | D:8      | Noticed Stonecrops's ghost (novice DsGl)
  8379 | D:8      | Noticed a +0 falchion of chaos
  8533 | D:9      | Found a flagged portal.
  8642 | Bailey   | Entered a bailey
  8815 | Bailey   | Reached *** piety under Cheibriados
  8918 | Bailey   | Reached skill level 11 in Fighting
  8918 | Bailey   | Reached XP level 11. HP: 74/74 MP: 14/17
  9482 | D:9      | Reached skill level 10 in Maces & Flails
 10158 | D:9      | Reached **** piety under Cheibriados
 10217 | D:10     | Entered Level 10 of the Dungeon
 10389 | D:10     | Noticed a two-headed ogre
 10412 | D:10     | Learned a level 1 spell: Magic Dart
 10435 | D:10     | Reached skill level 1 in Conjurations
 10464 | D:10     | Killed a two-headed ogre
 10465 | D:10     | Reached XP level 12. HP: 33/80 MP: 18/18
 11046 | D:11     | Noticed a two-headed ogre
 11053 | D:11     | Killed a two-headed ogre
 11113 | D:11     | Found a staircase to the Orcish Mines.
 11118 | D:11     | Noticed a boulder beetle
 11134 | D:11     | Killed a boulder beetle
 11265 | D:11     | Found a staircase to the Lair.
 11312 | D:11     | Reached skill level 12 in Fighting
 11387 | D:11     | Found Oschaox's General Store.
 11392 | D:11     | Reached ***** piety under Cheibriados
 11786 | D:11     | Found Ureis's Assorted Antiques.
 11789 | D:11     | Bought a smoky golden potion for 23 gold pieces
 11789 | D:11     | Bought an amethyst potion for 23 gold pieces
 11953 | D:12     | Mangled by a large slime creature

Illustrated notes

Levels and vault maps discovered:
D:1:      dpeg_arrival_rhombus, layout_basic
D:2:      layout_rooms, hellmonk_ecumenical_altar_watching_god,
          minmay_increasing_density
D:3:      layout_loops_ring, nicolae_overflow_hidden_temple,
          evilmike_ruin_ashenzari, serial_shops, nicolae_square_shop,
          grunt_ministairs_1, kennysheep_big_empty_room,
          guppyfry_early_lair_pool, uniq_terence, uniq_sigmund
D:4:      layout_loops_ring, chequers_temple_overflow_statue_of_worship,
          minmay_surrounded, uniq_blork_the_orc
D:5:      old_forge, layout_basic, general_overflow_altar,
          grunt_dithmenos_smoke_and_mirrors, minmay_temple_entry_stoned_glass
D:6:      layout_loops_ring
D:7:      layout_loops_corners, kennysheep_doodads, uniq_prince_ribbit1
D:8:      layout_basic, serial_aquarium, aquarium_bridge_square
          [aquarium_subvault_wall, aquarium_subvault_wall,
          aquarium_subvault_window, aquarium_subvault_bridge],
          aquarium_bridge_square [aquarium_subvault_window,
          aquarium_subvault_bridge, aquarium_subvault_bridge,
          aquarium_subvault_wall], aquarium_window_1, aquarium_window_corner,
          aquarium_view_2d, ebering_ghost_xom, serial_shops,
          nicolae_shop_bloodbath_and_beyond
D:9:      layout_loops_ring, enter_bailey_3
D:10:     layout_long_grid, minivault_26, minmay_joined_circles
D:11:     layout_basic, david_lair_generic, serial_shops,
          nicolae_shop_behind_doors, nicolae_square_shop
D:12:     minmay_the_grid_octo_triangle [minmay_the_grid_octo_empty,
          minmay_the_grid_octo_prize_big_c, minmay_the_grid_octo_toaster],
          layout_loops_corners, hellmonk_ghost_happy_afterlife, uniq_lodul
Temple:   minmay_freezing_vapour_temple

Skill      XL: |  1  2  3  4  5  6  7  8  9 10 11 12 |
---------------+-------------------------------------+-----
Fighting       | 4 5 6 7 9 11 12 | 12.0
Maces & Flails | 3 4 5 6 8 9 10 | 10.8
Armour         | 4 5 7 |  7.9
Evocations     | 2 3 4 |  4.1
Shields        | 5 |  5.8
Invocations    | 2 5 8 9 |  9.4
Dodging        | 2 3 |  3.3
Conjurations   | 2 3 |  3.7

Action                   |  1- 3 |  4- 6 |  7- 9 | 10-12 || total
-------------------------+-------+-------+-------+-------++-------
Melee: Flail             |   110 |   147 |   314 |   344 ||   915
 Cast: Magic Dart        |       |       |       |     2 ||     2
Invok: Slouch            |       |       |       |     1 ||     1
Evoke: Wand              |       |       |    13 |     8 ||    21
  Use: Potion            |       |     1 |     3 |     1 ||     5
       Scroll            |       |     3 |     4 |    28 ||    35
 Stab: Sleeping          |       |       |       |     2 ||     2
Armor: Scale mail        |    70 |    85 |   143 |       ||   298
       Chain mail        |       |       |     7 |   107 ||   114
       Troll leather arm |       |       |       |    93 ||    93
Dodge: Dodged            |    67 |   102 |   166 |   258 ||   593
Block: Buckler           |    28 |    30 |    89 |   115 ||   262

Table legend: (Time is in decaauts)
 A = Elapsed time spent in this place.
 B = Non-inter-level travel time spent in this place.
 C = Inter-level travel time spent in this place.
 D = Time resting spent in this place.
 E = Time spent auto-exploring this place.
 F = Levels seen in this place.
 G = Mean time per level.
                   A        B        C        D        E       F      G
               +--------+--------+--------+--------+--------+-----+--------+
         Total |  14672 |  14310 |    362 |   2351 |   9528 |  14 | 1048.0 |
       Dungeon |  14008 |  13652 |    356 |   2074 |   9413 |  12 | 1167.3 |
        Temple |     12 |      6 |      6 |      0 |      0 |   1 |   12.0 |
        Bailey |    651 |    651 |      0 |    277 |    114 |   1 |  651.0 |
               +--------+--------+--------+--------+--------+-----+--------+

Top non-repeatable levels by time:
     D:8: 1946 daAuts
     D:5: 1765 daAuts
     D:9: 1623 daAuts
    D:11: 1424 daAuts
     D:7: 1395 daAuts
    D:10: 1351 daAuts
     D:6: 1085 daAuts
     D:1: 1023 daAuts
     D:4: 936 daAuts
     D:3: 780 daAuts
     D:2: 667 daAuts
  Bailey: 651 daAuts
  Temple: 12 daAuts
    D:12: 7 daAuts
